 Dungeon Crawl Stone Soup version 0.28-a0-773-g130ae17fe5 (webtiles) character file.

Game seed: 6353642021240881376

45 meatgazer the Skirmisher (level 3, -4/30 HPs)
             Began as a Demonspawn Abyssal Knight on Nov 1, 2021.
             Was a Follower of Lugonu.
             Slain by a neqoxec (13 damage)
             ... on level 3 of the Abyss.
             The game lasted 00:00:43 (119 turns).

meatgazer the Skirmisher (Demonspawn Abyssal Knight) Turns: 119, Time: 00:00:43

Health: -4/30      AC:  3    Str: 14      XL:     3   Next: 42%
Magic:  5/5        EV: 11    Int:  6 (9)  God:    Lugonu [*.....]
Gold:   40         SH:  0    Dex: 13      Spells: 2/2 levels left

rFire   . . .      SeeInvis .   a - +1 falchion
rCold   . . .      Faith    .   (no shield)
rNeg    . . .      Spirit   .   b - +0 leather armour
rPois   .          Reflect  .   (no helmet)
rElec   .          Harm     .   (no cloak)
rCorr   .          Rampage  .   (no gloves)
Will    .....                   (no boots)
Stlth   +.........              (no amulet)
HPRegen 0.10/turn               (no ring)
MPRegen 0.09/turn               (no ring)

@: unable to read
A: powered by pain 1, dopey 1, inability to read while threatened, devolution 1
a: Renounce Religion, Depart the Abyss


You were on level 3 of the Abyss.
You worshipped Lugonu.
Lugonu was aware of your devotion.
You visited 0 branches of the dungeon, and saw 0 of its levels.
You visited the Abyss 1 time.

You collected 40 gold pieces.

Inventory:

Hand Weapons
 a - a +1 falchion (weapon)
Armour
 b - a +0 leather armour (worn)


   Skills:
 + Level 4.1 Fighting
 + Level 2.0 Long Blades
 + Level 2.0 Armour
 + Level 0.8 Dodging
 + Level 2.7 Invocations
 + Level 0.2 Evocations


You had 2 spell levels left.
You didn't know any spells.
Your spell library was empty.

Dungeon Overview and Level Annotations

Branches:
Dungeon (0/15)

Altars:


Innate Abilities, Weirdness & Mutations

You sometimes gain a little power by taking damage.
You are dopey. (Int -2)
You sometimes lose the ability to read scrolls when taking damage.
You have hidden genetic defects.


Message History

The neqoxec is moderately wounded.
The neqoxec barely misses you.
You hit the neqoxec.
The neqoxec is moderately wounded.
The neqoxec gestures at you.
Strange energies course through your body.
You feel stupid.
You hit the neqoxec but do no damage.
The neqoxec is moderately wounded.
The neqoxec gestures at you.
Strange energies course through your body.
You feel a hidden malignance growing inside you.
You slash the neqoxec!
The neqoxec is heavily wounded.
The neqoxec hits you but does no damage.
The neqoxec gestures at you.
You feel dopey. Something feeds on your intellect!
You hit the neqoxec.
The neqoxec is severely wounded.
The neqoxec hits you!
You closely miss the neqoxec.
The neqoxec is heavily wounded.
The neqoxec hits you!
You hit the neqoxec.
The neqoxec is severely wounded.
The neqoxec gestures at you.
Strange energies course through your body.
You lose the ability to read scrolls when threatened.
You closely miss the neqoxec.
The neqoxec is severely wounded.
The neqoxec hits you.
You feel threatened and lose the ability to read scrolls!
* * * LOW HITPOINT WARNING * * *
You completely miss the neqoxec.
The neqoxec is severely wounded.
You can read scrolls again.
The neqoxec hits you!
You feel threatened and lose the ability to read scrolls!
You die...

#..#. . .#.##
### ..##
..#.##. # #
#.## ..### #
..# ...## .
.... # #
...#######...#
##
.#..#.#.#####
#.#..###..# #
### #...# .##
# # ..#.@###
#....#.3.# #
.#.....#.#....
.#.#. .##...##
...#..##. ..#
# .. .. ..$# #
### # .# # . #
.#


You could see a neqoxec.

Vanquished Creatures
  A small abomination (Abyss:3)
1 creature vanquished.

Notes
Turn   | Place    | Note
-------+----------+-------------------------------------------
     0 | Abyss:1  | meatgazer the Demonspawn Abyssal Knight began the quest for
                  | the Orb.
     0 | Abyss:1  | Reached XP level 1. HP: 18/18 MP: 2/2
    99 | Abyss:3  | Noticed a small abomination
   105 | Abyss:3  | Killed a small abomination
   106 | Abyss:3  | Reached skill level 4 in Fighting
   106 | Abyss:3  | Gained mutation: You sometimes gain a little power by
                  | taking damage. [demonic ancestry]
   106 | Abyss:3  | Reached XP level 2. HP: 25/25 MP: 4/4
   106 | Abyss:3  | Reached XP level 3. HP: 30/30 MP: 5/5
   106 | Abyss:3  | Noticed a neqoxec
   112 | Abyss:3  | Gained mutation: You are dopey. (Int -2) [a neqoxec]
   113 | Abyss:3  | Gained mutation: You have hidden genetic defects. [a
                  | neqoxec]
   117 | Abyss:3  | Gained mutation: You sometimes lose the ability to read
                  | scrolls when taking damage. [a neqoxec]
   119 | Abyss:3  | Slain by a neqoxec

Illustrated notes

Levels and vault maps discovered:
Abyss:3:  base: Temple, evilmike_abyss_rune_siren_acolytes,
          evilmike_abyss_exit_11, evilmike_abyss_rune_tso_outpost

Skill      XL: |  1 |
---------------+----+-----
Fighting       | 4 |  4.1
Long Blades    | 2 |  2.0
Armour         | 2 |  2.0
Dodging        | |  0.8
Invocations    | |  2.7
Evocations     | |  0.2

Action                   || total
-------------------------++-------
Melee: Falchion          ||     9
Evoke: Wand              ||    10
  Use: Scroll            ||     2
Armor: Leather armour    ||     2
Dodge: Dodged            ||     2

Table legend: (Time is in decaauts)
 A = Elapsed time spent in this place.
 B = Non-inter-level travel time spent in this place.
 C = Inter-level travel time spent in this place.
 D = Time resting spent in this place.
 E = Time spent auto-exploring this place.
 F = Levels seen in this place.
 G = Mean time per level.
                   A        B        C        D        E       F      G
               +--------+--------+--------+--------+--------+-----+--------+
         Total |    120 |    120 |      0 |      0 |     83 |   3 |   40.0 |
         Abyss |    120 |    120 |      0 |      0 |     83 |   3 |   40.0 |
               +--------+--------+--------+--------+--------+-----+--------+

Top non-repeatable levels by time:
 Abyss:3: 106 daAuts
 Abyss:1: 11 daAuts
 Abyss:2: 2 daAuts
